 Dungeon Crawl Stone Soup version 0.27-a0-46-g34d46f0a3f (webtiles) character file.

Game seed: 15192232125354114942

7077 Borgoz the Carver (level 11, 0/97 HPs)
             Began as a Ghoul Monk on Jan 6, 2021.
             Was a High Priest of Okawaru.
             Slain by a two-headed ogre
             ... wielding a +0 giant club
              (9 damage)
             ... on level 10 of the Dungeon.
             The game lasted 00:19:53 (11361 turns).

Borgoz the Carver (Ghoul Monk)                     Turns: 11361, Time: 00:19:54

Health: 0/97       AC: 20    Str: 16    XL:     11   Next: 9%
Magic:  0/13       EV: 23    Int:  5    God:    Okawaru [*****.]
Gold:   518        SH:  0    Dex: 14    Spells: 10/10 levels left

rFire    . . .     SeeInvis .   a - +0 falchion
rCold    + + .     Faith    .   (no shield)
rNeg     + + +     Spirit   +   i - +2 ring mail {rC+}
rPois    ∞         Reflect  .   n - +2 hat
rElec    .         Harm     .   m - +2 cloak
rCorr    .         Rampage  .   s - +2 pair of gloves
Will     .....                  C - +4 pair of boots "Diuw Lov" {Regen+}
Stlth    +.........             l - amulet of guardian spirit
HPRegen  0.00/turn              f - +4 ring of evasion
MPRegen  0.13/turn              p - +4 ring of evasion

@: no status effects
A: claws 1, cold resistance 1, negative energy resistance 3, inhibited
regeneration, torment resistance, unbreathing
a: Renounce Religion, Heroism, Finesse


You were on level 10 of the Dungeon.
You worshipped Okawaru.
Okawaru was extremely pleased with you.
You visited 2 branches of the dungeon, and saw 12 of its levels.

You collected 644 gold pieces.
You spent 126 gold pieces at shops.

Inventory:

Hand Weapons
 a - a +0 falchion (weapon)
 b - a +2 dagger of electrocution
Missiles
 h - 42 poisoned darts (quivered)
 x - 7 atropa-tipped darts
Armour
 i - a +2 ring mail of cold resistance (worn)
 m - a +2 cloak (worn)
 n - a +2 hat (worn)
 s - a +2 pair of gloves (worn)
 u - the +2 leather armour of Hadjma {Regen+ Str+5}
   (You bought it in a shop on level 4 of the Dungeon)

   It affects your strength (+5).
   It increases your rate of regeneration.
 C - the +4 pair of boots "Diuw Lov" (worn) {Regen+}
   (Okawaru gifted it to you on level 10 of the Dungeon)

   It increases your rate of regeneration.
Jewellery
 f - a +4 ring of evasion (left hand)
 k - an uncursed ring of ice
 l - an amulet of guardian spirit (around neck)
 p - a +4 ring of evasion (right hand)
 t - an uncursed ring of protection from cold
Wands
 B - a wand of paralysis (2)
Scrolls
 c - a scroll of remove curse
 d - a scroll of fog
 e - 2 scrolls of enchant weapon
 g - 6 scrolls of teleportation
 o - 3 scrolls of magic mapping
 v - a scroll of enchant armour
 w - 2 scrolls of identify
 y - a scroll of fear
Potions
 q - 2 potions of brilliance
 r - 2 potions of cancellation
 z - a potion of flight


   Skills:
 + Level 9.4 Fighting
 * Level 10.7 Long Blades
 + Level 7.8 Dodging
 - Level 2.1 Stealth
 - Level 5.0 Invocations


You had 10 spell levels left.
You didn't know any spells.
Your spell library contained the following spells:

 Spells                   Type           Power        Failure   Level
 Animate Skeleton         Necr           0%           71%         1
 Pain                     Necr           0%           71%         1
 Vampiric Draining        Necr           0%           97%         3
 Animate Dead             Necr           0%           100%        4
 Agony                    Necr           0%           100%        5


Dungeon Overview and Level Annotations

Branches:
Dungeon (11/15)            Temple (1/1) D:6             Orc (0/2) D:10
   Lair: D:8-11

Altars:
Ashenzari
Cheibriados
Dithmenos
Elyvilon
Fedhas
Gozag
Hepliaklqana
Kikubaaqudgha
Makhleb
Nemelex Xobeh
Okawaru
Qazlal
Ru
Sif Muna
Trog
Uskayaw
Vehumet
Wu Jian
Xom
Yredelemnul
Zin
The Shining One

Shops:
D:4 [


Innate Abilities, Weirdness & Mutations

You thrive by killing the living.
You are immune to poison.
You have sharp fingernails.
Your flesh is cold resistant. (rC+)
You are immune to negative energy. (rN+++)
You do not regenerate when monsters are visible.
You are immune to unholy pain and torment.
You can survive without breathing.


Message History

The two-headed ogre easily resists.
The two-headed ogre hits you with a +0 giant club!
* * * LOW HITPOINT WARNING * * *
The two-headed ogre barely misses you.
Evoke which item? (* to show all) (? for menu, Esc to quit)
Aiming: Paralyse
Press: ? - help, Shift-Dir - straight line, f/p - two-headed ogre
Aim: a two-headed ogre, wielding a +0 giant club and a +0 dire flail (moderately wounded, chance to affect: 28%)
The two-headed ogre easily resists.
The two-headed ogre completely misses you.
The two-headed ogre hits you but does no damage.
Evoke which item? (* to show all) (? for menu, Esc to quit)
Aiming: Paralyse
Press: ? - help, Shift-Dir - straight line, f/p - two-headed ogre
Aim: a two-headed ogre, wielding a +0 giant club and a +0 dire flail (lightly wounded, chance to affect: 28%)
The two-headed ogre easily resists.
The two-headed ogre closely misses you.
You riposte.
You hit the two-headed ogre.
The two-headed ogre is moderately wounded.
The two-headed ogre hits you with a +0 dire flail!
You die...

########## ......... ##
......... .. ... #........
.. ...# #....# .. ..# #.#
...8 .. ..# #@# .Z.. ##
#.# #O# ..... #.# #Z#
#..... #.######Z###......
#......ZZZ.Z......
#########......ZZ....8...>
...................)......
#################..[......
..#####..... ...###.....


You could see a two-headed ogre, a goblin zombie, 2 orc zombies, 3 ogre zombies
and an orc skeleton.

Vanquished Creatures
  2 two-headed ogres (D:10)
  The ghost of Borgoz the Skirmisher, a novice HaFi (D:3)
  Sigmund (D:2)
  A water moccasin (D:7)
  A black bear (D:9)
  2 orc warriors
  3 sky beasts
  2 ice beasts
  A phantom (D:10)
  An eye of draining (D:9)
  6 centaurs
  4 ogres
  A big kobold (D:11)
  7 bullfrogs
  A scorpion (D:9)
  A troll zombie (D:10)
  21 killer bees
  3 wights (D:8)
  2 howler monkeys
  2 bullfrog zombies (D:6)
  A centaur skeleton (D:6)
  4 hounds
  5 jellies
  7 orc wizards
  A bullfrog skeleton (D:8)
  6 orc priests
  9 worker ants
  Natasha (thrice) (D:2)
  4 iguanas
  3 ogre zombies (D:10)
  2 hound zombies
  2 hound skeletons
  Robin (D:3)
  2 howler monkey skeletons (D:4)
  A howler monkey zombie (D:7)
  5 gnolls
  19 adders
  5 shadow imps
  3 white imps
  An ufetubus (D:8)
  2 oozes
  4 adder skeletons
  A worm (D:3)
  6 dart slugs
  6 leopard geckos
  45 orcs
  4 giant cockroaches
  2 gnoll zombies (D:3)
  19 goblins
  13 hobgoblins
  16 jackals
  8 kobolds
  9 quokkas
  4 ball pythons
  5 bats
  11 frilled lizards
  A goblin skeleton (D:10)
  2 goblin zombies (D:10)
  2 orc skeletons (D:10)
  5 orc zombies (D:10)
  9 rats
321 creatures vanquished.

Vanquished Creatures (others)
  2 plants (D:5)
  5 toadstools (D:1)
7 creatures vanquished.

Grand Total: 328 creatures vanquished

Notes
Turn   | Place    | Note
-------+----------+-------------------------------------------
     0 | D:1      | Borgoz the Ghoul Monk began the quest for the Orb.
     0 | D:1      | Reached XP level 1. HP: 19/19 MP: 0/0
   191 | D:1      | Reached XP level 2. HP: 26/26 MP: 1/1
   196 | D:1      | Reached skill level 3 in Long Blades
  1079 | D:1      | Reached XP level 3. HP: 31/31 MP: 2/2
  1259 | D:1      | Found a glowing golden altar of the Shining One.
  1654 | D:2      | Reached XP level 4. HP: 22/40 MP: 3/3
  1793 | D:2      | Noticed Sigmund
  1859 | D:2      | Killed Sigmund
  1860 | D:2      | Reached skill level 4 in Long Blades
  1860 | D:2      | Reached XP level 5. HP: 31/47 MP: 4/4
  1860 | D:2      | Reached XP level 6. HP: 35/53 MP: 5/5
  2032 | D:2      | Found an opulent altar of Gozag.
  2091 | D:2      | Noticed Natasha
  2328 | D:3      | Noticed Robin
  2346 | D:3      | Killed Robin
  2473 | D:3      | Found a runed translucent gate.
  2474 | D:3      | Found a runed translucent gate.
  2474 | D:3      | Found an opulent altar of Gozag.
  2474 | D:3      | Found a runed translucent gate.
  2476 | D:3      | Noticed Borgoz's ghost (novice HaFi)
  2552 | D:3      | Reached skill level 5 in Long Blades
  2591 | D:3      | Found a basalt altar of Yredelemnul.
  2620 | D:3      | Found a stormy altar of Qazlal.
  2622 | D:3      | Noticed a fire elemental
  2623 | D:3      | Noticed a water elemental
  2623 | D:3      | Noticed an air elemental
  3153 | D:4      | Got a fine leather armour
  3187 | D:4      | Identified the +1 leather armour of Optoir {-Cast Int+4}
                  | (You found it on level 4 of the Dungeon)
  3257 | D:4      | Reached skill level 5 in Fighting
  3260 | D:4      | Reached XP level 7. HP: 52/61 MP: 6/6
  3804 | D:4      | You fall into a shaft and drop 2 floors!
  3819 | D:6      | Reached skill level 6 in Long Blades
  3920 | D:6      | Found a staircase to the Ecumenical Temple.
  3948 | D:6      | Reached XP level 8. HP: 65/70 MP: 7/7
  3965 | Temple   | Entered the Ecumenical Temple
  4176 | Temple   | Became a worshipper of Warmaster Okawaru
  4176 | Temple   | Reached * piety under Okawaru
  4176 | Temple   | Reached ** piety under Okawaru
  4259 | D:6      | Reached skill level 5 in Dodging
  4259 | D:6      | Reached skill level 1 in Invocations
  4506 | D:6      | Reached skill level 7 in Long Blades
  4647 | D:5      | Entered Level 5 of the Dungeon
  5462 | D:5      | Reached *** piety under Okawaru
  5463 | D:5      | Reached XP level 9. HP: 76/78 MP: 10/10
  5998 | D:2      | Killed Natasha
  6078 | D:2      | Noticed Natasha
  6095 | D:2      | Killed Natasha
  6248 | D:2      | Noticed Natasha
  6262 | D:2      | Killed Natasha
  6527 | D:3      | Killed Borgoz's ghost
  6528 | D:3      | Reached skill level 8 in Long Blades
  6790 | D:4      | Found a burning altar of Makhleb.
  6790 | D:4      | Noticed an Executioner
  6793 | D:4      | Noticed a smoke demon
  7159 | D:4      | Found Yniris's Antique Armour Shop.
  7162 | D:4      | Bought a scorched leather armour for 126 gold pieces
  7174 | D:4      | Identified the +2 leather armour of Hadjma {Regen+ Str+5}
                  | (You bought it in a shop on level 4 of the Dungeon)
  7416 | D:6      | Found a sacrificial altar of Ru.
  7644 | D:6      | Found a sparkling altar of Nemelex Xobeh.
  8553 | D:7      | Found a radiant altar of Vehumet.
  8695 | D:7      | Reached XP level 10. HP: 88/88 MP: 10/12
  8761 | D:7      | Reached skill level 9 in Long Blades
  8873 | D:7      | Reached skill level 5 in Invocations
  9379 | D:8      | Reached **** piety under Okawaru
  9889 | D:9      | Received a gift from Okawaru
 10284 | D:10     | Entered Level 10 of the Dungeon
 10489 | D:10     | Noticed a two-headed ogre
 10504 | D:10     | Killed a two-headed ogre
 10504 | D:10     | Reached ***** piety under Okawaru
 10505 | D:10     | Reached skill level 10 in Long Blades
 10624 | D:10     | You fall into a shaft and drop 1 floor!
 11056 | D:10     | Received a gift from Okawaru
 11061 | D:10     | Got a pair of translucent boots {god gift}
 11072 | D:10     | Identified the +4 pair of boots "Diuw Lov" {Regen+}
                  | (Okawaru gifted it to you on level 10 of the Dungeon)
 11214 | D:10     | Noticed a two-headed ogre
 11219 | D:10     | Found a staircase to the Orcish Mines.
 11236 | D:10     | Killed a two-headed ogre
 11237 | D:10     | Reached XP level 11. HP: 50/97 MP: 7/13
 11329 | D:10     | Noticed a two-headed ogre
 11361 | D:10     | Slain by a two-headed ogre

Illustrated notes

Levels and vault maps discovered:
D:1:      ldierk_walled_garden, layout_basic, tso_altar
D:2:      layout_rooms, grunt_gozag_breadcrumbs, uniq_natasha, uniq_sigmund
D:3:      kennysheep_goblin_castle, layout_basic,
          lemuel_zombie_altar_yredelemnul, ebering_ghost_gozag,
          nicolae_qazlal_style_of_elements
D:4:      layout_basic, makhleb_altar_promises_db, serial_shops, shop
D:5:      layout_cave_pods, saegor_snake_ambush
D:6:      layout_loops_ring, minmay_temple_entry_mini_moons, basic_altar,
          nemelex_dance_club_becter
D:7:      layout_loops_ring, nicolae_overflow_crystal_walls,
          supply_closet_lemuel, amethyst_killhole
D:8:      layout_rooms
D:9:      layout_basic, erik_lair_dragon
D:10:     minmay_wavy_crystal, layout_irregular_city, zombieorc2_lemuel,
          hangedman_decor_points
D:11:     layout_big_octagon, uniq_grum
Temple:   hc_temple_tempest_star

Skill      XL: |  1  2  3  4  5  6  7  8  9 10 |
---------------+-------------------------------+-----
Long Blades    | 3 4 5 6 7 8 10 | 10.7
Dodging        | 3 4 5 6 7 |  7.8
Fighting       | 4 5 6 7 9 |  9.4
Invocations    | 2 4 5 |  5.0
Stealth        | |  2.1

Action                   |  1- 3 |  4- 6 |  7- 9 | 10-12 || total
-------------------------+-------+-------+-------+-------++-------
Melee: Falchion          |   139 |   224 |   788 |   629 ||  1780
Throw: Dart              |       |       |     6 |     1 ||     7
Evoke: Wand              |       |       |       |     7 ||     7
  Use: Scroll            |     4 |     2 |    11 |     4 ||    21
       Potion            |       |     2 |     5 |     1 ||     8
 Stab: Sleeping          |     1 |     1 |     9 |     4 ||    15
Armor: Robe              |     7 |       |       |       ||     7
       Ring mail         |    43 |    96 |    76 |    72 ||   287
       Shadow dragon sca |       |       |   204 |       ||   204
       Leather armour    |       |       |    13 |    80 ||    93
       Skin              |       |       |    10 |       ||    10
Dodge: Dodged            |   110 |   322 |   606 |   651 ||  1689
       Rpst.: Falchion   |    36 |    93 |   199 |   175 ||   503

Table legend: (Time is in decaauts)
 A = Elapsed time spent in this place.
 B = Non-inter-level travel time spent in this place.
 C = Inter-level travel time spent in this place.
 D = Time resting spent in this place.
 E = Time spent auto-exploring this place.
 F = Levels seen in this place.
 G = Mean time per level.
                   A        B        C        D        E       F      G
               +--------+--------+--------+--------+--------+-----+--------+
         Total |  11223 |  10724 |    499 |   1275 |   6434 |  12 |  935.2 |
       Dungeon |  10999 |  10536 |    463 |   1275 |   6248 |  11 |  999.9 |
        Temple |    223 |    187 |     36 |      0 |    186 |   1 |  223.0 |
               +--------+--------+--------+--------+--------+-----+--------+

Top non-repeatable levels by time:
     D:1: 1525 daAuts
     D:7: 1442 daAuts
     D:3: 1405 daAuts
     D:6: 1229 daAuts
     D:4: 1175 daAuts
     D:5: 1162 daAuts
     D:2: 1011 daAuts
    D:10: 671 daAuts
     D:9: 594 daAuts
     D:8: 447 daAuts
    D:11: 332 daAuts
  Temple: 223 daAuts
